 Dungeon Crawl Stone Soup version 0.31-a0-810-ga77100ea1a (webtiles) character file.

Game seed: 2486262976991780847

32 lunkers the Digger (level 3, -4/26 HPs)
             Began as a Meteoran Earth Elementalist on Sept 21, 2023.
             Slain by Terence
             ... wielding a +2 short sword of protection
              (5 damage)
             ... on level 2 of the Dungeon.
             The game lasted 00:01:44 (503 turns).

lunkers the Digger (Meteoran Earth Elementalist)     Turns: 503, Time: 00:01:44

Health: -4/26      AC:  2    Str:  9    XL:     3   Next: 64%
Magic:  1/8        EV: 12    Int: 18    God:
Gold:   42         SH:  0    Dex: 15    Spells: 7/8 levels left

rFire   . . .        (no weapon)
rCold   . . .        (no shield)
rNeg    . . .        a - +0 robe
rPois   .            (no helmet)
rElec   .            (no cloak)
rCorr   .            (no gloves)
SInv    .            (no boots)
Will    .....        (no amulet)
Stlth   +            (no ring)
HPRegen 0.24/turn    (no ring)
MPRegen 0.11/turn

%: no passive effects
@: glowing
A: sense surroundings 1, otherworldly, glowing, explore regen
a: no special abilities


You were on level 2 of the Dungeon.
You visited 1 branch of the dungeon, and saw 2 of its levels.

You collected 42 gold pieces.

Inventory:

Armour
 a - a +0 robe (worn)
Jewellery
 h - an amulet of faith
Scrolls
 c - a scroll of summoning {unknown}
 d - 2 scrolls of identify {unknown}
 f - a scroll of poison {unknown}
 i - a scroll of fear {unknown}
 j - 2 scrolls of revelation {unknown}
Potions
 b - a potion of magic
 e - 2 potions of berserk rage {unknown}
 g - a potion of enlightenment {unknown}


   Skills:
 - Level 2.1 Dodging
 - Level 1.4 Stealth
 + Level 3.4 Spellcasting
 - Level 1.2 Transmutations
 * Level 4.7 Earth Magic


You had 7 spell levels left.
You knew the following spells:

 Your Spells              Type           Power      Damage    Failure   Level
a - Sandblast             Erth           40%        2d10      2%          1

Your spell library contained the following spells:

 Spells                   Type           Power      Damage    Failure   Level
 Passwall                 Tmut/Erth      10%        N/A       7%          2
 Stone Arrow              Conj/Erth      22%        3d8       19%         3
 Petrify                  Tmut/Erth      13%        N/A       43%         4
 Brom's Barrelling Bould  Conj/Erth      11%        2d3       52%         4


Dungeon Overview and Level Annotations

Branches:
Dungeon (2/15) Zot: 675

Altars:

Annotations:
D:2 Terence


Innate Abilities, Weirdness & Mutations

You passively map a small area around you.
You are easily found by Zot.
You glow in the dark.
You regain HP and MP as you explore.


Message History

Unknown command.
Casting: Sandblast (safe; 2% risk of failure)
Confirm with . or Enter, or press ? or * to list all spells.
Okay, then.
Casting: Sandblast (safe; 2% risk of failure)
Confirm with . or Enter, or press ? or * to list all spells.
You don't know that spell.
Unknown command.
Unknown command.
Casting: Sandblast (safe; 2% risk of failure)
Confirm with . or Enter, or press ? or * to list all spells.
Okay, then.
Aiming: Sandblast (safe; 2% risk of failure)
Press: ? - help, Q - select action Shift-Dir - straight line, f/p - Terence
Aim: Terence, wielding a +2 short sword of protection and wearing a +0 chain mail (moderately wounded, 87% to hit)
The blast of sand hits Terence but does no damage.
Terence is moderately wounded.
Terence hits you with a +2 short sword of protection.
* * * LOW HITPOINT WARNING * * *
Terence hits you with a +2 short sword of protection!
* * * LOW HITPOINT WARNING * * *
Unknown command.
Aiming: Sandblast (safe; 2% risk of failure)
Press: ? - help, Q - select action Shift-Dir - straight line, f/p - Terence
Aim: Terence, wielding a +2 short sword of protection and wearing a +0 chain mail (moderately wounded, 87% to hit)
The blast of sand hits Terence but does no damage.
Terence is moderately wounded.
* * * LOW MAGIC WARNING * * *
Terence hits you with a +2 short sword of protection.
* * * LOW HITPOINT WARNING * * *
Aiming: Sandblast (safe; 2% risk of failure)
Press: ? - help, Q - select action Shift-Dir - straight line, f/p - Terence
Aim: Terence, wielding a +2 short sword of protection and wearing a +0 chain mail (moderately wounded, 87% to hit)
The blast of sand hits Terence but does no damage.
Terence is moderately wounded.
* * * LOW MAGIC WARNING * * *
Terence hits you with a +2 short sword of protection.
* * * LOW HITPOINT WARNING * * *
Terence hits you with a +2 short sword of protection.
You die...

* * * #.###. ,, , #.#
#. * #.###. #.....
###+####### #####.
#.........# #.
#.........# #.
#.........# ##.
#...@@....# ##..
###'##############...
###.# #.............
#...# #.#####.#####.
#...####.#####.###...
#...'.......##>......
#...##...##.###.##...
#...##...##.#........
######...##.#...##.##


You could see Terence.

Vanquished Creatures
  A gnoll (D:1)
  A dart slug (D:1)
  2 ball pythons (D:1)
  3 endoplasms (D:1)
  2 giant cockroaches (D:1)
  A goblin (D:1)
  A hobgoblin (D:1)
  A quokka (D:2)
  3 bats (D:1)
  A frilled lizard (D:1)
  3 kobolds (D:1)
  2 rats (D:1)
21 creatures vanquished.

Notes
Turn   | Place    | Note
-------+----------+-------------------------------------------
     0 | D:1      | lunkers the Meteoran Earth Elementalist began the quest for
                  | the Orb.
     0 | D:1      | Reached XP level 1. HP: 14/14 MP: 5/5
    64 | D:1      | Reached XP level 2. HP: 20/20 MP: 4/6
    88 | D:1      | Reached skill level 4 in Earth Magic
   104 | D:1      | Reached XP level 3. HP: 25/26 MP: 0/8
   493 | D:2      | Noticed Terence
   502 | D:2      | HP: 1/26 [Terence/+2 short sword of protection (6)]
   503 | D:2      | Slain by Terence

Illustrated notes

Levels and vault maps discovered:
D:1:      minmay_arrival_loop, layout_rooms, minmay_shallow_snake_nest
D:2:      layout_basic, nicolae_figureground_sparkle, uniq_terence

Skill      XL: |  1  2 |
---------------+-------+-----
Earth Magic    | 4 |  4.7
Spellcasting   | 3 |  3.4
Dodging        | |  2.1
Stealth        | |  1.4
Transmutations | |  1.2

Action                     || total
---------------------------++-------
  Melee: Unarmed           ||     4
   Cast: Sandblast         ||    41
 Armour: Robe              ||    23
  Dodge: Dodged            ||    31

Table legend: (Time is in decaauts)
 A = Elapsed time spent in this place.
 B = Non-inter-level travel time spent in this place.
 C = Inter-level travel time spent in this place.
 D = Time resting spent in this place.
 E = Time spent auto-exploring this place.
 F = Levels seen in this place.
 G = Mean time per level.
                   A        B        C        D        E       F      G
               +--------+--------+--------+--------+--------+-----+--------+
         Total |    522 |    522 |      0 |      0 |    364 |   2 |  261.0 |
       Dungeon |    522 |    522 |      0 |      0 |    364 |   2 |  261.0 |
               +--------+--------+--------+--------+--------+-----+--------+

Top non-repeatable levels by time:
     D:1: 418 daAuts
     D:2: 104 daAuts
